[Event "Early-Titled-Tuesday-Blitz-February-20-2024"]
[Site "Chess.com"]
[Date "2024.02.20"]
[Round "7"]
[White "Svet_1502"]
[Black "PavelChernomordik"]
[Result "0-1"]
[WhiteElo "2232"]
[BlackElo "2443"]
[TimeControl "180+1"]
[EndTime "9:18:35 PST"]
[Termination "PavelChernomordik won by checkmate"]

1. d4 g6 2. Nf3 Bg7 3. g3 d6 4. Bg2 Nf6 5. c4 O-O 6. O-O c6 7. Nc3 Nbd7 8. e4 e5 9. h3 Re8 10. dxe5 dxe5 11. Be3 Qe7 12. Rb1 a5 13. a3 Nc5 14.
Nd2 Rd8 15. b4 axb4 16. axb4 Ne6 17. c5 Nd4 18. Rc1 Be6 19. f4 Ra3 20. fxe5 Nh5 21.
Bf4 Nb3 22. Rc2 Rd3 23. Qe2 Qd7 24. Nxb3 Rxb3 25. Na4 Nxg3 26. Bxg3 Rxg3 27. Nb6 Qd4+ 28. Kh2 Bxe5 29. Rd2 Rxh3# 0-1

[Event "Early-Titled-Tuesday-Blitz-February-20-2024"]
[Site "Chess.com"]
[Date "2024.02.20"]
[Round "7"]
[White "Rodalquilar"]
[Black "Schachmalanders"]
[Result "1-0"]
[WhiteElo "2758"]
[BlackElo "2477"]
[TimeControl "180+1"]
[EndTime "9:18:37 PST"]
[Termination "Rodalquilar won by resignation"]

1. d4 c5 2. c3 cxd4 3. cxd4 d5 4.
Bf4 Nf6 5. Nc3 Nc6 6. e3 a6 7.
Rc1 Bf5 8. f3 Nh5 9. g4 Nxf4 10.
gxf5 Nh5 11. Qb3 e6 12. Bd3 Qd7 13. Nge2 Be7 14. Na4 Bh4+ 15. Kd2 Rd8 16. Nc5 Qe7 17. Qxb7 Qxb7 18. Nxb7 Nb4 19. Nxd8 Nxd3 20. Kxd3 Bxd8 21. fxe6 fxe6 22. Rc6 O-O 23. f4 Kf7 24. Rxa6 Nf6 25.
Ra7+ Kg8 26. Rg1 g6 27. Nc3 Bb6 28. Ra6 Rb8 29. Na4 Bd8 30. Rxe6 Ne4 31. Rxe4 dxe4+ 32. Kxe4 Bh4 33. Rg2 Kf7 34. Nc5 Be7 35. Rc2 Ra8 36.
a3 Re8 37. Kd3 g5 38. fxg5 Bxg5 39. e4 Bf4 40. Rf2 1-0

[Event "Early-Titled-Tuesday-Blitz-February-20-2024"]
[Site "Chess.com"]
[Date "2024.02.20"]
[Round "7"]
[White "lrestevez"]
[Black "treadstone_71"]
[Result "1-0"]
[WhiteElo "2201"]
[BlackElo "2315"]
[TimeControl "180+1"]
[EndTime "9:18:38 PST"]
[Termination "lrestevez won on time"]

1. e4 c5 2. Nf3 Nc6 3. d4 cxd4 4. Nxd4 Nf6 5. Nc3 d6 6. Bc4 e5 7. Nxc6 bxc6 8. O-O Be7 9. Qe2 O-O 10. Bb3 Be6 11.
Rd1 Qc7 12. Bg5 Rad8 13. Bh4 Kh8 14. f3 Ng8 15. Bxe7 Nxe7 16. Rd2 d5 17. exd5 cxd5 18. Rad1 d4 19. Bxe6 dxc3 20. Rxd8 Rxd8 21. Bb3 cxb2 22.
Rb1 Qc5+ 23. Kf1 Nf5 24. Qe4 Ne3+ 25. Ke2 Nd1 26. Rxd1 Qc8 27. c4 Rxd1 28. Kxd1 Qd8+ 29. Kc2 1-0

[Event "Early-Titled-Tuesday-Blitz-February-20-2024"]
[Site "Chess.com"]
[Date "2024.02.20"]
[Round "7"]
[White "dimoni64"]
[Black "lluiss"]
[Result "1-0"]
[WhiteElo "2095"]
[BlackElo "2161"]
[TimeControl "180+1"]
[EndTime "9:18:38 PST"]
[Termination "dimoni64 won on time"]

1. d4 d5 2. Bf4 c6 3. e3 e6 4.
Nf3 f5 5. Ne5 Nf6 6. h3 Be7 7.
c4 O-O 8. Nc3 Bd7 9. cxd5 cxd5 10. Bd3 Nc6 11. a3 Ne4 12. O-O Rc8 13. Rc1 Nxe5 14.
Bxe5 Nxc3 15. Rxc3 Rxc3 16. bxc3 Qa5 17. Qb3 b6 18.
Ra1 Rc8 19. c4 Ba4 20. Qa2 Qc3 21. cxd5 Qxd3 22. d6 Bb3 23. Qb2 Bd8 24. Rb1 Bd5 25.
Qb4 Qe4 26. f3 Qxe3+ 27. Kh1 Bh4 28. d7 Rf8 29. Qd6 Bxf3 30. Qxe6+ Kh8 31. Bxg7+ Kxg7 32. Qxe3 Be4 33. Rc1 Rd8 34. Rc7 Kf6 35. Qh6+ 1-0

[Event "Early-Titled-Tuesday-Blitz-February-20-2024"]
[Site "Chess.com"]
[Date "2024.02.20"]
[Round "7"]
[White "Nikolakis2014"]
[Black "Colombiano07"]
[Result "0-1"]
[WhiteElo "2739"]
[BlackElo "2469"]
[TimeControl "180+1"]
[EndTime "9:18:42 PST"]
[Termination "Colombiano07 won by resignation"]

1. Nf3 d5 2. d4 Nf6 3. c4 e6 4. g3 Nbd7 5. Bg2 dxc4 6. O-O b5 7. a4 c6 8. b3 cxb3 9. Qxb3 a6 10. Nc3 Bb7 11.
Ne5 Nxe5 12. dxe5 Nd5 13. Ne4 Be7 14. Rd1 O-O 15. Nd6 Bxd6 16. exd6 Qxd6 17. e4 Qb4 18. Qc2 Qc3 19. Qb1 Nb6 20. Be3 Nxa4 21. Rxa4 bxa4 22. Qxb7 a3 23. Bd4 Qa5 24. Ba1 Rab8 25.
Qa7 a2 26. Qd4 e5 27. Qc4 Rb1 28. Bf3 Rd8 29. Rc1 Rxc1+ 30. Qxc1 Qd2 31. Qf1 Qd3 32. Be2 Qb1 33. Bxe5 a5 34. Kg2 Qxe4+ 0-1

[Event "Early-Titled-Tuesday-Blitz-February-20-2024"]
[Site "Chess.com"]
[Date "2024.02.20"]
[Round "7"]
[White "Carlitus2004"]
[Black "Predo63"]
[Result "1-0"]
[WhiteElo "2395"]
[BlackElo "2530"]
[TimeControl "180+1"]
[EndTime "9:18:43 PST"]
[Termination "Carlitus2004 won by resignation"]

1. Nf3 d5 2. g3 c6 3. Bg2 Nf6 4. O-O Bf5 5. b3 e6 6. Bb2 h6 7. d3 Be7 8. Nbd2 O-O 9. Qe1 Nbd7 10. e4 dxe4 11. dxe4 Bh7 12. Ne5 Nxe5 13. Bxe5 Qa5 14.
Nc4 Qxe1 15. Rfxe1 Nd7 16. Bd6 Rfe8 17. Bxe7 Rxe7 18.
Rad1 Nb6 19. Nd6 e5 20. c4 Rd8 21. c5 Nc8 22. Nxb7 Rxd1 23. Rxd1 Kf8 24. Bh3 Rxb7 25. Rd8+ Ke7 26. Rxc8 Bxe4 27. Bg2 Bxg2 28. Kxg2 Kd7 29. Rf8 Ke6 30. Rd8 Rc7 31. Rd6+ Ke7 32. Kf3 f6 33. Ke4 g6 34. g4 Kf7 35. h4 a5 36. h5 Kg7 37. f3 Kf7 38. Ke3 Kg7 39. Rd8 a4 40. b4 a3 41. Rb8 gxh5 42. gxh5 f5 43. Rb6 Kf6 44. b5 Kg5 45. Rxc6 Rd7 46. b6 f4+ 47. Ke4 Rd4+ 48. Kxe5 Rb4 49. Rc7 Rb2 50.
b7 Kxh5 51. c6 Kh4 52. Rc8 Kg3 53. b8=Q Rxb8 54. Rxb8 1-0

[Event "Early-Titled-Tuesday-Blitz-February-20-2024"]
[Site "Chess.com"]
[Date "2024.02.20"]
[Round "7"]
[White "DefiantChair"]
[Black "Cambek64"]
[Result "1-0"]
[WhiteElo "2584"]
[BlackElo "2469"]
[TimeControl "180+1"]
[EndTime "9:18:45 PST"]
[Termination "DefiantChair won on time"]

1. e4 e6 2. d4 d5 3. Nd2 Nc6 4. Ngf3 Nf6 5. e5 Nd7 6. c4 dxc4 7. Nxc4 Nb6 8. a3 Be7 9. Bd3 Nxc4 10. Bxc4 O-O 11.
h4 f5 12. exf6 Bxf6 13. Ng5 Nxd4 14. Qh5 Nc2+ 15. Kf1 h6 16. Nxe6 Qe7 17. Nd4+ Kh8 18. Bxh6 g6 19. Qxg6 Nxd4 20. Bxf8 Qxf8 21. Bd3 Qg7 22.
Qh5+ Kg8 23. Re1 Bg4 24. Bc4+ Kf8 25. Qc5+ Be7 26. Rxe7 Qxe7 27. Qxd4 Qd7 28. Qxd7 Bxd7 29. f3 b5 30. Ba2 c5 31. Kf2 Bc6 32. Rc1 c4 33. b3 Rd8 34. Rc2 cxb3 35. Bxb3 Be8 36. g4 Rd3 37. Rb2 a5 38. Bc2 Rxa3 39. h5 a4 40. h6 Rc3 41. Bf5 a3 42. Rd2 1-0

[Event "Early-Titled-Tuesday-Blitz-February-20-2024"]
[Site "Chess.com"]
[Date "2024.02.20"]
[Round "7"]
[White "MaestroCheck"]
[Black "David_George21"]
[Result "0-1"]
[WhiteElo "2532"]
[BlackElo "2332"]
[TimeControl "180+1"]
[EndTime "9:18:45 PST"]
[Termination "David_George21 won by checkmate"]

1. e4 c5 2. Nc3 g6 3. d4 Bg7 4.
dxc5 Nc6 5. Be3 Nf6 6. Bd3 O-O 7. h3 Ne8 8. Nge2 Nc7 9. Qd2 e6 10.
O-O Qe7 11. Rad1 Rd8 12. f4 f5 13. e5 Nb4 14. Bc4 a5 15. a3 Nba6 16. Qd6 Qe8 17. Nb5 Nxb5 18. Bxb5 Bf8 19. Qb6 Qe7 20.
Rd6 Qf7 21. Bf2 Bxd6 22. cxd6 Re8 23. Bh4 Nb8 24. Nc3 Nc6 25. Bc4 a4 26. Nb5 Ra6 27. Qe3 Rf8 28. Nc7 Ra5 29. Qb6 h6 30. Bf6 g5 31.
Bb5 Rxb5 32. Qxb5 gxf4 33. Qxa4 Qg6 34. Qxf4 Kh7 35. Rf2 b6 36. Kh2 Rg8 37. Rf3 Qxg2# 0-1

[Event "Early-Titled-Tuesday-Blitz-February-20-2024"]
[Site "Chess.com"]
[Date "2024.02.20"]
[Round "7"]
[White "wonderfultime"]
[Black "Iball95"]
[Result "1-0"]
[WhiteElo "3068"]
[BlackElo "2901"]
[TimeControl "180+1"]
[EndTime "9:18:46 PST"]
[Termination "wonderfultime won by checkmate"]

1. d4 d5 2. Nf3 Nf6 3. Bf4 Bf5 4. c4 e6 5. Qb3 Nc6 6. e3 Bb4+ 7. Nc3 O-O 8. Bg5 h6 9. Bxf6 Qxf6 10. cxd5 exd5 11.
Qxd5 Rfe8 12. Be2 Be4 13. Qc4 Bxf3 14. gxf3 Rad8 15. O-O-O Bxc3 16. bxc3 Na5 17. Qa4 b6 18. Rhg1 c5 19. Rg3 cxd4 20. cxd4 Rc8+ 21. Kb1 Re7 22.
Bd3 Rec7 23. Rdg1 Rc3 24. Qd7 g5 25. h4 R3c7 26. hxg5 hxg5 27. Rxg5+ Kf8 28. Rg8# 1-0

[Event "Early-Titled-Tuesday-Blitz-February-20-2024"]
[Site "Chess.com"]
[Date "2024.02.20"]
[Round "7"]
[White "lasRojas"]
[Black "kleopl"]
[Result "0-1"]
[WhiteElo "2274"]
[BlackElo "2522"]
[TimeControl "180+1"]
[EndTime "9:18:46 PST"]
[Termination "kleopl won by resignation"]

1. e4 c5 2. Nf3 d6 3. d4 cxd4 4. Nxd4 Nf6 5. Nc3 a6 6. Be2 e5 7.
Nb3 Be7 8. Be3 O-O 9. g4 b5 10. g5 Nfd7 11. h4 Bb7 12. Rg1 Nb6 13. h5 Na4 14. Nd5 Nxb2 15. Qc1 Nc4 16. g6 Bxd5 17. exd5 fxg6 18. hxg6 Bh4 19. gxh7+ Kh8 20. Bxc4 bxc4 21.
Nd2 Qf6 22. Ne4 Qf3 23. Ng3 Nd7 24. Qa3 Bxg3 25. Rxg3 Qh1+ 26. Ke2 Qxa1 27. Qxd6 Rf7 28. Bh6 gxh6 29. Rg8+ Rxg8 30. hxg8=Q+ Kxg8 31. Qg6+ Rg7 32. Qxh6 Nf8 33. d6 Qd4 0-1

[Event "Early-Titled-Tuesday-Blitz-February-20-2024"]
[Site "Chess.com"]
[Date "2024.02.20"]
[Round "7"]
[White "Rosh1610"]
[Black "ninguno46"]
[Result "0-1"]
[WhiteElo "2385"]
[BlackElo "2549"]
[TimeControl "180+1"]
[EndTime "9:18:47 PST"]
[Termination "ninguno46 won by checkmate"]

1. e4 c5 2. Nf3 Nc6 3. d4 cxd4 4.
Nxd4 g6 5. Nc3 Bg7 6. Be3 Nf6 7. Bc4 Qa5 8. Kf1 O-O 9. Nb3 Qc7 10. Bd3 d6 11. f3 Be6 12. Kf2 d5 13. Re1 Rad8 14. exd5 Bxd5 15. Kg1 Bc4 16. Qe2 Bxd3 17. cxd3 b6 18.
Rad1 Qb7 19. d4 Nb4 20. Bg5 Nbd5 21. Nxd5 Nxd5 22. a3 Rd7 23. Rc1 e6 24. Qc4 Rc7 25. Qd3 Rfc8 26. Rxc7 Rxc7 27. Rc1 Rxc1+ 28. Nxc1 Qc6 29.
b4 h6 30. Bd2 b5 31. Nb3 Ne7 32. Nc5 Nf5 33. Bc3 h5 34. Kf2 a6 35. g3 Qd6 36.
Kg2 Qd5 37. Nxa6 Qa2+ 38. Kh3 Qf2 39. Nc5 Ne3 40. Qd2 Qf1+ 41. Kh4 Bf6# 0-1

[Event "Early-Titled-Tuesday-Blitz-February-20-2024"]
[Site "Chess.com"]
[Date "2024.02.20"]
[Round "7"]
[White "Zohid6"]
[Black "yaguigor"]
[Result "1-0"]
[WhiteElo "2870"]
[BlackElo "2674"]
[TimeControl "180+1"]
[EndTime "9:18:49 PST"]
[Termination "Zohid6 won by resignation"]

1. e4 c5 2. Nf3 Nc6 3. Bb5 Nf6 4. Bxc6 dxc6 5. d3 Qc7 6. h3 e5 7. O-O Bd6 8. Be3 Nd7 9. Nbd2 Nf8 10. Nc4 Ne6 11. Nfd2 O-O 12. Qh5 f6 13. a4 b6 14. g3 Ba6 15. Nxd6 Qxd6 16. f4 exf4 17. gxf4 g6 18. Qh4 f5 19. Rae1 Rae8 20. e5 Qd5 21. b3 Nd4 22. Bxd4 cxd4 23. Kh2 c5 24. Rg1 Re6 25. Rg3 Qd8 26. Qh6 Qe7 27. Nf3 Qg7 28.
Qh4 Qe7 29. Ng5 Bb7 30. Reg1 a5 31. Qh6 Rc6 32. Nxh7 1-0

[Event "Early-Titled-Tuesday-Blitz-February-20-2024"]
[Site "Chess.com"]
[Date "2024.02.20"]
[Round "7"]
[White "abeljusto"]
[Black "Rawnsdale"]
[Result "0-1"]
[WhiteElo "2093"]
[BlackElo "2532"]
[TimeControl "180+1"]
[EndTime "9:18:49 PST"]
[Termination "Rawnsdale won on time"]

1. d4 d5 2. Bf4 e6 3. e3 Bd6 4.
Bg3 Nf6 5. Nd2 O-O 6. Ngf3 c5 7. c3 Nc6 8. Bd3 b6 9. e4 dxe4 10. Nxe4 Nxe4 11. Bxe4 Bb7 12. Bxd6 Qxd6 13. Bxh7+ Kxh7 14. Ng5+ Kg6 15. h4 Qf4 16. Kf1 cxd4 17. Qd3+ f5 18. Nxe6 Qe4 19. Nxf8+ Rxf8 20. Qg3+ Kf7 21. Qg5 Ne5 22.
Re1 Ba6+ 0-1

[Event "Early-Titled-Tuesday-Blitz-February-20-2024"]
[Site "Chess.com"]
[Date "2024.02.20"]
[Round "7"]
[White "Orest_Vovk"]
[Black "DarkAlekhine"]
[Result "1-0"]
[WhiteElo "2671"]
[BlackElo "2828"]
[TimeControl "180+1"]
[EndTime "9:18:50 PST"]
[Termination "Orest_Vovk won by resignation"]

1. h4 d5 2. h5 h6 3. e4 dxe4 4. Nc3 Bf5 5. Qe2 Nf6 6. Qb5+ Bd7 7. Qxb7 Bc6 8. Bb5 Bd7 9. Qxa8 c6 10. Bc4 Qc7 11.
d3 e6 12. Be3 c5 13. Nb5 Bxb5 14. Bxb5+ Kd8 15. O-O-O Bd6 16. dxe4 Ke7 17. Rxd6 Kxd6 18. e5+ Kxe5 19. Bf4+ Kxf4 20. Qf3+ Ke5 21. Qg3+ 1-0

[Event "Early-Titled-Tuesday-Blitz-February-20-2024"]
[Site "Chess.com"]
[Date "2024.02.20"]
[Round "7"]
[White "SirGerhard"]
[Black "tetrix83"]
[Result "1-0"]
[WhiteElo "2740"]
[BlackElo "2512"]
[TimeControl "180+1"]
[EndTime "9:18:52 PST"]
[Termination "SirGerhard won by resignation"]

1. e4 c5 2. Nc3 Nc6 3. Bb5 Nd4 4.
Bc4 d6 5. Nf3 Nf6 6. h3 Nxf3+ 7.
Qxf3 e6 8. d3 Be7 9. O-O O-O 10.
a4 Bd7 11. Bb3 Bc6 12. Qg3 Kh8 13. f4 d5 14. e5 Nh5 15. Qg4 g6 16. Ne2 f5 17.
exf6 Rxf6 18. Bd2 Qd6 19. Bc3 d4 20. Bd2 Raf8 21. Ng3 Nxg3 22. Qxg3 Bd5 23. Bxd5 Qxd5 24. Rae1 Bd6 25. b3 Kg7 26. c4 Qf5 27. Qf3 R6f7 28. g4 Qf6 29. Qe4 Re7 30. Kg2 Qh4 31. Re2 h5 32. g5 Rf5 33. Be1 Rxf4 34. Bxh4 1-0

[Event "Early-Titled-Tuesday-Blitz-February-20-2024"]
[Site "Chess.com"]
[Date "2024.02.20"]
[Round "7"]
[White "carokannlover213"]
[Black "Rud_Makarian"]
[Result "0-1"]
[WhiteElo "2848"]
[BlackElo "3079"]
[TimeControl "180+1"]
[EndTime "9:18:54 PST"]
[Termination "Rud_Makarian won on time"]

1. e4 c5 2. Nf3 d6 3. Bb5+ Nd7 4. O-O Nf6 5. Re1 a6 6. Bf1 b5 7.
a4 b4 8. d4 cxd4 9. Nxd4 Bb7 10. Bd3 e6 11. Bg5 Be7 12. Nd2 O-O 13. N4f3 Nc5 14. Qe2 Rc8 15. e5 dxe5 16. Nxe5 Nxd3 17. Qxd3 Qxd3 18. cxd3 h6 19. Bxf6 Bxf6 20. Ndc4 Rfd8 21. Rad1 Rc5 22. b3 h5 23. Kf1 g5 24. h3 Kg7 25.
Nf3 Rcd5 26. Ke2 g4 27. hxg4 hxg4 28. Nh2 Rg5 29. Ne3 Bc3 30. Rf1 f5 31. Rg1 Rh8 32. Nhf1 f4 33. Nc4 f3+ 34. Ke3 fxg2 35. Ng3 Bf3 36.
Rc1 Rd8 0-1

[Event "Early-Titled-Tuesday-Blitz-February-20-2024"]
[Site "Chess.com"]
[Date "2024.02.20"]
[Round "7"]
[White "manitodeplomo"]
[Black "AttilaTurzo"]
[Result "1-0"]
[WhiteElo "2631"]
[BlackElo "2500"]
[TimeControl "180+1"]
[EndTime "9:18:54 PST"]
[Termination "manitodeplomo won on time"]

1. d4 d5 2. c4 c6 3. Nf3 Nf6 4. Nc3 a6 5. e3 Bf5 6. Ne5 b5 7. g4 Bc8 8. g5 Nfd7 9. cxd5 cxd5 10. Nxd5 Bb7 11. Bg2 Nxe5 12. dxe5 e6 13. Nf6+ gxf6 14. Qxd8+ Kxd8 15. Bxb7 Ra7 16. Be4 fxg5 17. Bd2 Nd7 18. Ba5+ Kc8 19. Rc1+ Kb8 20. Ke2 Nxe5 21. Rhd1 Be7 22. f4 gxf4 23. exf4 Nc4 24. Bc3 Rg8 25. b3 f5 26. Bf3 Nd6 27. Be5 Rd7 28. Rc6 Rgd8 29. Rxa6 b4 30. Rc1 1-0

[Event "Early-Titled-Tuesday-Blitz-February-20-2024"]
[Site "Chess.com"]
[Date "2024.02.20"]
[Round "7"]
[White "Ariadna_Atreides"]
[Black "komogro"]
[Result "0-1"]
[WhiteElo "2190"]
[BlackElo "2529"]
[TimeControl "180+1"]
[EndTime "9:18:54 PST"]
[Termination "komogro won by resignation"]

1. d4 Nf6 2. Nf3 g6 3. c4 Bg7 4. Nc3 O-O 5. e4 d6 6. h3 Na6 7.
Bg5 c5 8. d5 Nc7 9. Bd3 e6 10. Qd2 exd5 11. cxd5 b5 12. O-O c4 13. Bc2 b4 14. Ne2 a5 15. Ned4 Bd7 16. Rfe1 Nb5 17. Nxb5 Bxb5 18. Nd4 Qb6 19. Nxb5 Qxb5 20. Qf4 Nh5 21.
Qxd6 Bxb2 22. Rab1 Bc3 23. Red1 Rfe8 24. g4 Be5 25.
Qc6 Qxc6 26. dxc6 Nf4 27. Bxf4 Bxf4 28. Rd5 Rec8 29. Ba4 Rc7 30. Rc5 c3 31. a3 bxa3 32. Bb3 Kf8 33. Rxc3 Rb8 34. Rbc1 Bxc1 0-1

[Event "Early-Titled-Tuesday-Blitz-February-20-2024"]
[Site "Chess.com"]
[Date "2024.02.20"]
[Round "7"]
[White "Manukyan_Artak"]
[Black "wild3000"]
[Result "1-0"]
[WhiteElo "2555"]
[BlackElo "2421"]
[TimeControl "180+1"]
[EndTime "9:18:55 PST"]
[Termination "Manukyan_Artak won by resignation"]

1. e4 e6 2. d4 d5 3. e5 c5 4. c3 Nc6 5. Nf3 Nge7 6. a3 a5 7. Bd3 Nf5 8. O-O Be7 9. Re1 O-O 10. Nbd2 a4 11. Nf1 b6 12. Ne3 cxd4 13. Nxf5 exf5 14. Nxd4 Nxd4 15. cxd4 Be6 16. Bd2 Qd7 17. Rc1 Rfc8 18. Qe2 Rxc1 19. Rxc1 Rc8 20. Qd1 Rxc1 21. Qxc1 h6 22.
f4 b5 23. Bb4 Qa7 24. Qc3 g5 25. Bxb5 gxf4 26. Bxe7 Qxe7 27. Bxa4 Qg5 28. Bd1 f3 29.
Bxf3 Qf4 30. a4 Bd7 31. b3 Kg7 32. Bxd5 h5 33. Qg3+ Qxg3 34. hxg3 f6 35. a5 fxe5 36. dxe5 Bb5 37. Kf2 Kg6 38. Ke3 Kg5 39. Bf3 Ba6 40.
b4 Bb5 41. Kd4 f4 42. gxf4+ Kxf4 43. Bxh5 1-0

[Event "Early-Titled-Tuesday-Blitz-February-20-2024"]
[Site "Chess.com"]
[Date "2024.02.20"]
[Round "7"]
[White "Makswolf200817"]
[Black "Elnaz_Kaliakhmet"]
[Result "1-0"]
[WhiteElo "2754"]
[BlackElo "2452"]
[TimeControl "180+1"]
[EndTime "9:18:58 PST"]
[Termination "Makswolf200817 won by resignation"]

1. e4 c5 2. Nf3 Nc6 3. g3 Nf6 4. Nc3 d5 5. exd5 Nxd5 6. Bg2 Nxc3 7. bxc3 Bg4 8. h3 Bh5 9. g4 Bg6 10. Nh4 e6 11. Nxg6 hxg6 12. Rb1 Qd7 13. d3 Be7 14. Bf4 g5 15. Bg3 Bf6 16. Qd2 Rd8 17. O-O c4 18. d4 b6 19. f4 gxf4 20. Qxf4 O-O 21. Rbe1 Be7 22. Qe4 Na5 23. Kh1 Bd6 24. Bh4 Be7 25. g5 Qb5 26. g6 Bxh4 27. gxf7+ Rxf7 28. Rxf7 Kxf7 29. Qxh4 Re8 30. Rf1+ Kg8 31. Be4 g6 32. Rg1 Re7 33. Qxe7 1-0

[Event "Early-Titled-Tuesday-Blitz-February-20-2024"]
[Site "Chess.com"]
[Date "2024.02.20"]
[Round "7"]
[White "ChessArchitect64"]
[Black "Yan_Dyomin2010"]
[Result "0-1"]
[WhiteElo "2241"]
[BlackElo "2735"]
[TimeControl "180+1"]
[EndTime "9:19:01 PST"]
[Termination "Yan_Dyomin2010 won by checkmate"]

1. d4 Nf6 2. c4 g6 3. Nc3 d5 4.
cxd5 Nxd5 5. f3 Bg7 6. e4 Nxc3 7.
bxc3 c5 8. Be3 O-O 9. Bc4 Qa5 10. Qd2 Rd8 11. Ne2 cxd4 12. cxd4 Qxd2+ 13. Kxd2 Nc6 14. Kc3 Na5 15. Bd3 b6 16. Rac1 Be6 17. Kb2 Rac8 18. Kb1 Nc4 19. Bxc4 Bxc4 20. Nc3 Bxd4 21. Bxd4 Rxd4 22.
Rhd1 Rxd1 23. Rxd1 Be6 24. Kb2 Kf8 25. Rd4 Ke8 26. Ra4 a5 27. Rd4 Rc5 28. a4 Bc4 29.
Rd2 Rc6 30. Nd5 Bxd5 31. Rxd5 e6 32. Rb5 Kd7 33. h4 Kc7 34. h5 Rc5 35. Rb3 Rxh5 36. g4 Rc5 37. Rd3 h5 38. gxh5 gxh5 39. Rd1 h4 40. Rh1 Rh5 41. Rh3 Kd6 42. f4 f5 43.
Kc3 e5 44. exf5 exf4 45. f6 Ke6 46. Kd4 Kxf6 47. Ke4 Kg5 48. Rd3 h3 49. Rd5+ Kg4 50. Rd8 h2 51. Rg8+ Kh3 52. Kxf4 Rh4+ 53. Ke3 h1=Q 54.
Kf2 Rf4+ 55. Ke3 Qe4+ 56. Kd2 Qd4+ 57. Ke1 Qe3+ 58. Kd1 Qb3+ 59. Ke2 Qxg8 60. Ke3 Qg3+ 61. Kd2 Rf2+ 62. Ke1 Qg1# 0-1

[Event "Early-Titled-Tuesday-Blitz-February-20-2024"]
[Site "Chess.com"]
[Date "2024.02.20"]
[Round "7"]
[White "KorolDimitriy75"]
[Black "Hope_6"]
[Result "1-0"]
[WhiteElo "2442"]
[BlackElo "2748"]
[TimeControl "180+1"]
[EndTime "9:19:01 PST"]
[Termination "KorolDimitriy75 won by checkmate"]

1. d4 d5 2. c4 e6 3. Nc3 Nf6 4. Bg5 Be7 5. cxd5 exd5 6. e3 c6 7. Bd3 h6 8. Bh4 O-O 9. Qc2 Nbd7 10. Nge2 Re8 11. f3 Bf8 12. Bf2 Qc7 13. O-O Bd6 14.
h3 Nf8 15. e4 dxe4 16. fxe4 Bh2+ 17. Kh1 Nh5 18. e5 Bf4 19. Nd5 Qd8 20. Ndxf4 Nxf4 21. Nxf4 Qg5 22. Be3 Qe7 23. Bc4 b5 24. Bb3 Bb7 25.
Ng6 Qd7 26. Rxf7 Qxf7 27. Bxf7+ Kxf7 28. Rf1+ Kg8 29. Nxf8 Rxf8 30. Rxf8+ Rxf8 31. Qc5 Rf1+ 32. Kh2 Rb1 33. e6 Re1 34. Qe5 Kf8 35. Qb8+ Ke7 36. Qxb7+ Kxe6 37. Qxc6+ Kf5 38. Qd5+ Kg6 39. Qe4+ Kf6 40.
Bg5+ Kxg5 41. Qxe1 Kh5 42. d5 g5 43. Qe8+ Kh4 44. g3# 1-0

[Event "Early-Titled-Tuesday-Blitz-February-20-2024"]
[Site "Chess.com"]
[Date "2024.02.20"]
[Round "7"]
[White "ozates"]
[Black "HeroWilczek"]
[Result "1-0"]
[WhiteElo "2583"]
[BlackElo "2468"]
[TimeControl "180+1"]
[EndTime "9:19:03 PST"]
[Termination "ozates won by resignation"]

1. e4 e6 2. d4 d5 3. e5 c5 4.
c3 Nc6 5. Nf3 Qb6 6. a3 Bd7 7.
b4 cxd4 8. cxd4 Nge7 9. Be3 Nf5 10. Be2 Be7 11. O-O O-O 12. Nbd2 f6 13. exf6 Bxf6 14. Nb3 Be8 15. Rc1 Bh5 16. Nc5 Rfe8 17. b5 Bxf3 18. bxc6 Bxe2 19. Qxe2 Qxc6 20. Ne4 Qd7 21. Nxf6+ gxf6 22. g4 Nd6 23. Qf3 Ne4 24. h4 Kh8 25. Kh1 Rac8 26.
Rxc8 Rxc8 27. Rg1 Rg8 28. g5 Qf7 29. Bf4 Qg6 30. Bh2 Qf5 31. Qxf5 exf5 32. f3 Nf2+ 33. Kg2 Nd3 34. Rd1 Nb2 35. Rb1 Nc4 36. Rxb7 fxg5 37.
h5 f4 38. Rxa7 Re8 39. h6 Ne3+ 40. Kh3 Nf5 41. Kg4 Nxh6+ 42. Kxg5 Ng8 43. Bxf4 Ne7 44. Be5+ Kg8 45. Bf6 Ng6 46. Rg7+ Kf8 47. Rxh7 1-0

[Event "Early-Titled-Tuesday-Blitz-February-20-2024"]
[Site "Chess.com"]
[Date "2024.02.20"]
[Round "7"]
[White "ChessSwole"]
[Black "SHIVACalypso"]
[Result "1-0"]
[WhiteElo "2678"]
[BlackElo "2505"]
[TimeControl "180+1"]
[EndTime "9:19:05 PST"]
[Termination "ChessSwole won by resignation"]

1. d4 Nf6 2. Bg5 c5 3. Nc3 cxd4 4. Qxd4 Nc6 5. Qh4 e6 6. O-O-O Be7 7. e4 h6 8. f4 d5 9. e5 Nd7 10. Bxe7 Qxe7 11.
Qe1 a6 12. Nf3 b5 13. Kb1 b4 14. Ne2 a5 15. Ned4 Nxd4 16. Nxd4 O-O 17. g4 Ba6 18. h4 Bxf1 19. Qxf1 Nc5 20. h5 Ne4 21. Rg1 Nc3+ 22.
bxc3 bxc3 23. Ka1 Qa3 24. Rb1 Rfb8 25. Qc1 Qc5 26. Rd1 a4 27. g5 Rb4 28. Rxb4 Qxb4 29. Qb1 Qc4 30. Qb5 Qc7 31. Qc6 Qa7 32. g6 Rb8 33.
gxf7+ Kxf7 34. Qxe6+ Kf8 35. Nc6 Qb7 36. Qd6+ Kf7 37.
Qxb8 Qxc6 38. Qd6 Qc4 39. Qxd5+ Qxd5 40. Rxd5 1-0

[Event "Early-Titled-Tuesday-Blitz-February-20-2024"]
[Site "Chess.com"]
[Date "2024.02.20"]
[Round "7"]
[White "dmosesov"]
[Black "CSB7"]
[Result "1-0"]
[WhiteElo "2608"]
[BlackElo "2762"]
[TimeControl "180+1"]
[EndTime "9:19:07 PST"]
[Termination "dmosesov won by resignation"]

1. Nf3 Nf6 2. c4 e6 3. g3 d5 4. Bg2 Be7 5. O-O O-O 6. b3 d4 7. e3 c5 8. exd4 cxd4 9. Re1 Nc6 10. d3 Bb4 11. Bd2 a5 12. a3 Bd6 13. Bg5 h6 14.
Bxf6 Qxf6 15. Nbd2 Qe7 16. Qc1 e5 17. c5 Bxc5 18.
Nc4 Be6 19. Nfxe5 Nxe5 20. Rxe5 Rac8 21. Qe1 Qf6 22. Bxb7 Rc7 23. Bd5 Bh3 24. Qxa5 Bd6 25. Nxd6 Qxd6 26. Rae1 Rc5 27. Qxc5 Qxc5 28. Bxf7+ Rxf7 29. Rxc5 Rf3 30. Rd1 Bg4 31. Rc4 Rf5 32. Re1 Ra5 33. a4 1-0

[Event "Early-Titled-Tuesday-Blitz-February-20-2024"]
[Site "Chess.com"]
[Date "2024.02.20"]
[Round "7"]
[White "dealshark"]
[Black "AlexanderKing"]
[Result "0-1"]
[WhiteElo "2400"]
[BlackElo "2632"]
[TimeControl "180+1"]
[EndTime "9:19:07 PST"]
[Termination "AlexanderKing won by checkmate"]

1. Nf3 e6 2. e3 Nf6 3. c4 d5 4. Nc3 c5 5. cxd5 exd5 6. d4 Nc6 7.
Bb5 cxd4 8. Nxd4 Bd7 9. O-O Bd6 10. Re1 O-O 11. a3 a6 12. Be2 Re8 13. b4 Nxd4 14. exd4 Rc8 15. Qb3 Bxh2+ 16. Kxh2 Qc7+ 17. Kg1 Qxc3 18. Qxc3 Rxc3 19. Bg5 Ne4 20. Bf4 g5 21. Be5 f6 22.
Bh2 Rec8 23. Bf3 Bf5 24. Re2 Rc1+ 25. Re1 Rxa1 26. Rxa1 Kf7 27. Be2 Rc2 28. Kf1 Rd2 29.
f3 Nc3 30. Re1 Rxe2 31. Rxe2 Bd3 32. Kf2 Nxe2 33. Ke3 Bc4 34. f4 Nxf4 35. Kd2 Nxg2 36. Bd6 b5 37. a4 Ke6 38. Bc5 h5 39. axb5 axb5 40. Bf8 h4 41. Bc5 Nf4 42. Bb6 h3 43.
Ke1 h2 44. Bc7 h1=Q+ 45. Kf2 Qg2+ 46. Ke3 Qe2# 0-1

[Event "Early-Titled-Tuesday-Blitz-February-20-2024"]
[Site "Chess.com"]
[Date "2024.02.20"]
[Round "7"]
[White "Heinza9"]
[Black "Herman-NY"]
[Result "1-0"]
[WhiteElo "2319"]
[BlackElo "2531"]
[TimeControl "180+1"]
[EndTime "9:19:08 PST"]
[Termination "Heinza9 won by resignation"]

1. e4 e5 2. Nf3 Nc6 3. Nc3 d6 4. d4 Bd7 5. dxe5 Nxe5 6. Nxe5 dxe5 7. Bc4 c6 8. a4 a5 9. O-O Nf6 10. h3 Bc5 11. Bg5 h6 12. Bh4 Qe7 13. Qf3 g5 14. Bg3 O-O-O 15. Rad1 h5 16. Rd3 h4 17. Bh2 g4 18. Qe2 g3 19. Bxg3 hxg3 20. Rxg3 Nh5 21. Rf3 Rdg8 22. Rxf7 Qg5 23. Qf3 Nf4 24. Rxf4 exf4 25.
Bxg8 Rxg8 26. Ne2 Rf8 27. Rd1 Qe5 28. c3 Be6 29. Nd4 Bd7 30. Rd3 Rg8 31. Kh2 Bd6 32.
b3 Kc7 33. Ne2 Bc8 34. Nd4 Qg5 35. Ne2 Be5 36. b4 Qxg2+ 37. Qxg2 f3+ 38. Qg3 fxe2 39. Qxe5+ 1-0